 Dungeon Sprint DCSS version 0.29-a0-551-gffc1d7fb78 (webtiles) character file.

Game seed: 13942389488401593475

3688 rocky1 the Blocker (level 10, -5/73 HPs)
             Began as a Djinni Fighter on June 5, 2022.
             Was an Elder of Okawaru.
             Killed from afar by a rakshasa (31 damage)
             ... with a lance of force
             ... in the Dungeon (Sprint VII: "The Pits").
             The game lasted 00:08:38 (2554 turns).

rocky1 the Blocker (Djinni Fighter)                 Turns: 2554, Time: 00:08:38

Health: -5/73      AC: 12    Str: 18    XL:     10   Next: 35%
Gold:   0          EV: 16    Int: 13    God:    Okawaru [****..] SH:  7 Dex: 14

rFire   + + .      SeeInvis .   a - +2 scimitar (flame)
rCold   x . .      Faith    .   c - +0 buckler
rNeg    . . .      Spirit   .   p - +5 ring mail
rPois   ∞          Reflect  .   (no helmet)
rElec   .          Harm     .   b - +0 cloak
rCorr   .          Rampage  .   (no gloves)
Will    +....      NoTele   +   (boots unavailable)
Stlth   +.........              (no amulet)
HPRegen 0.22/turn               h - +3 ring of evasion
MPRegen 0.00/turn               i - +3 ring of strength

@: flying
A: sickness immunity, fire resistance 2, cold vulnerability 1, float, innate
caster, HP casting, extra vitality 1
a: Renounce Religion, Heroism, Finesse


You were in the Dungeon.
You worshipped Okawaru.
Okawaru was greatly pleased with you.
You visited 1 branch

Inventory:

Hand Weapons
 a - a +2 scimitar of flaming (weapon)
Missiles
 k - 2 throwing nets (quivered)
 q - 6 javelins
Armour
 b - a +0 cloak (worn)
 c - a +0 buckler (worn)
 l - a +0 troll leather armour
 p - a +5 ring mail (worn)
Jewellery
 h - a +3 ring of evasion (left hand)
 i - a +3 ring of strength (right hand)
Potions
 d - 3 potions of might
 e - 7 potions of curing
 f - 5 potions of heal wounds
 g - a potion of haste
 j - 2 potions of invisibility
 m - 3 potions of brilliance
 n - a potion of resistance
 o - a potion of mutation


   Skills:
 + Level 6.5 Fighting
 + Level 12.6 Long Blades
 + Level 6.7 Armour
 + Level 6.2 Dodging
 + Level 13.9 Shields
 + Level 4.2 Spellcasting
 + Level 5.7 Invocations


You had 7 spell levels left.
You knew the following spells:

 Your Spells              Type           Power      Damage    Failure   Level
a - Necrotize             Necr           52%        1d6       7%          1
b - Searing Ray           Conj           26%        2d5       10%         2
c - Conjure Flame         Conj/Fire      13%        6-21      21%         3
d - Summon Ice Beast      Ice/Summ       13%        N/A       54%         4
Your spell library was empty.

Dungeon Overview and Level Annotations

Branches:
Dungeon (1/1)

Altars:
Ashenzari
Cheibriados
Dithmenos
Elyvilon
Fedhas
Gozag
Hepliaklqana
Kikubaaqudgha
Makhleb
Nemelex Xobeh
Okawaru
Qazlal
Ru
Sif Muna
Trog
Uskayaw
Vehumet
Wu Jian
Xom
Yredelemnul
Zin
The Shining One
Beogh
Jiyva
Lugonu


Innate Abilities, Weirdness & Mutations

You are immune to sickness and miasma.
You are immune to poison.
Your flesh is very heat resistant. (rF++)
You are vulnerable to cold. (rC-)
You float through the air rather than walking.
You learn spells naturally, not from books.
Your magical power is your life essence.
You have superior vitality. (+4 MHP)


Message History

The hellwing completely misses you.
The hellwing hits you but does no damage.
You hit the hellwing. You burn the hellwing.
The hellwing is almost dead.
You block the hellwing's attack. The hellwing barely misses you.
You closely miss the hellwing.
The hellwing is almost dead.
The hellwing hits you but does no damage.
You block the hellwing's attack.
You hit the hellwing but do no damage.
The hellwing is almost dead.
The hellwing completely misses you. The hellwing misses you.
You slash the hellwing! You burn the hellwing.
You kill the hellwing!
Okawaru accepts your kill.
A rakshasa comes into view. It is wielding a +0 trident.
The rakshasa blinks!
The rakshasa hits you from afar with a +0 trident!
The rakshasa gestures at you. The lance of force hits you!!
You are knocked back by the lance of force.
You slam into the metal wall!
* * * LOW HITPOINT WARNING * * *
You feel much better. The rakshasa gestures at you.
You block the lance of force.
The rakshasa hits you with a +0 trident!
* * * LOW HITPOINT WARNING * * *
You are too injured to fight recklessly!
You barely miss the rakshasa.
The rakshasa hits you with a +0 trident!
* * * LOW HITPOINT WARNING * * *
You feel much better. The rakshasa gestures at you.
The lance of force misses you.
You slash the rakshasa! You burn the rakshasa.
The rakshasa is lightly wounded.
The rakshasa gestures at you. The lance of force hits you!!
You die...

#++########
#..........
#..R.......
#.@######## #..#
#..# ###### #..#
.##..# #..# .##..#
#..# .''..# #..#
.''..##########..#
.##..............#


You could see a rakshasa.

Vanquished Creatures
  Harold (D)
  A deep troll (D)
  An orc knight (D)
  A salamander (shapeshifter) (D)
  An ice devil (D)
  A hellwing (D)
  A blink frog (D)
  A basilisk (D)
  An acid dragon (D)
  A floating eye (D)
  2 orc warriors (D)
  An ice beast (D)
  A wolf (D)
  Blork the orc (D)
  A bullfrog (D)
  A necrophage (D)
  3 jellies (D)
  Crazy Yiuf (D)
  An orc priest (D)
  An iron imp (D)
  2 gnolls (D)
  An adder (D)
  An adder zombie (D)
  An orc (D)
  A kobold (D)
  2 quokkas (D)
  3 bats (D)
  A jackal skeleton (D)
35 creatures vanquished.

Notes
Turn   | Place    | Note
-------+----------+-------------------------------------------
     0 | D        | rocky1 the Djinni Fighter began the quest for the Orb.
     0 | D        | Reached XP level 1. HP: 20/20 MP: 0/0
    25 | D        | Found a bloodstained altar of Trog.
    25 | D        | Found a viscous altar of Jiyva.
    25 | D        | Found a hazy altar of Hepliaklqana.
    25 | D        | Found an opulent altar of Gozag.
    26 | D        | Found a glowing golden altar of the Shining One.
    26 | D        | Found a glowing silver altar of Zin.
    26 | D        | Found a basalt altar of Yredelemnul.
    26 | D        | Found a shimmering altar of Xom.
    26 | D        | Found an ornate altar of the Wu Jian Council.
    26 | D        | Found a sacrificial altar of Ru.
    26 | D        | Found a stormy altar of Qazlal.
    26 | D        | Found an iron altar of Okawaru.
    26 | D        | Found a sparkling altar of Nemelex Xobeh.
    26 | D        | Found a burning altar of Makhleb.
    26 | D        | Found a blossoming altar of Fedhas.
    26 | D        | Found a white marble altar of Elyvilon.
    26 | D        | Found a shadowy altar of Dithmenos.
    26 | D        | Found a snail-covered altar of Cheibriados.
    29 | D        | Found a corrupted altar of Lugonu.
    30 | D        | Found a hide-covered altar of Uskayaw.
    30 | D        | Found a broken altar of Ashenzari.
    34 | D        | Became a worshipper of Warmaster Okawaru
   218 | D        | Reached skill level 4 in Shields
   218 | D        | Reached XP level 2. HP: 24/25 MP: 0/0
   419 | D        | Noticed Blork the orc
   422 | D        | Noticed a floating eye
   430 | D        | Reached skill level 5 in Shields
   430 | D        | Reached XP level 3. HP: 30/30 MP: 0/0
   430 | D        | Learned a level 1 spell: Necrotize
   432 | D        | Killed Blork the orc
   433 | D        | Reached skill level 5 in Long Blades
   433 | D        | Reached skill level 6 in Shields
   433 | D        | Reached XP level 4. HP: 23/35 MP: 0/0
   434 | D        | Killed a floating eye
   434 | D        | Reached * piety under Okawaru
   435 | D        | Reached skill level 8 in Shields
   435 | D        | Reached XP level 5. HP: 26/40 MP: 0/0
   435 | D        | Learned a level 2 spell: Searing Ray
   435 | D        | Reached XP level 6. HP: 30/46 MP: 0/0
   666 | D        | Noticed Crazy Yiuf
   674 | D        | Killed Crazy Yiuf
   687 | D        | Reached skill level 9 in Shields
   811 | D        | Reached skill level 10 in Shields
   921 | D        | Reached ** piety under Okawaru
   922 | D        | Reached XP level 7. HP: 49/50 MP: 0/0
   922 | D        | Learned a level 3 spell: Conjure Flame
   925 | D        | Noticed a deep troll
   934 | D        | Killed a deep troll
   935 | D        | Reached skill level 12 in Shields
   935 | D        | Reached XP level 8. HP: 31/56 MP: 0/0
  1177 | D        | Noticed an orc knight
  1218 | D        | Reached skill level 1 in Dodging
  1218 | D        | Reached skill level 1 in Invocations
  1464 | D        | Reached *** piety under Okawaru
  1465 | D        | Reached skill level 1 in Spellcasting
  1470 | D        | Reached skill level 13 in Shields
  1472 | D        | Reached XP level 9. HP: 47/62 MP: 0/0
  1472 | D        | Learned a level 4 spell: Summon Ice Beast
  1485 | D        | HP: 3/93 [orc knight/+1 dire flail (23)]
  1487 | D        | Killed an orc knight
  1922 | D        | Noticed a blink frog
  1938 | D        | Killed a blink frog
  1939 | D        | Reached skill level 5 in Armour
  1961 | D        | Noticed Harold
  1998 | D        | Killed Harold
  1998 | D        | Reached **** piety under Okawaru
  1998 | D        | Received a gift from Okawaru
  1999 | D        | Reached skill level 5 in Fighting
  1999 | D        | Reached skill level 5 in Dodging
  2146 | D        | Noticed an ice devil
  2146 | D        | Noticed a salamander
  2153 | D        | Reached skill level 5 in Invocations
  2153 | D        | Reached XP level 10. HP: 70/72 MP: 0/0
  2160 | D        | Killed an ice devil
  2165 | D        | Killed a salamander
  2537 | D        | Noticed a rakshasa
  2554 | D        | Killed from afar by a rakshasa

Illustrated notes

Levels and vault maps discovered:
D:        pitsprint [storerooms_1, entrance_room_1, metal_vault_5, armoury_1,
          mini_pit_1, grid_room_1, main_hall_1, silver_pit, the_coven_1,
          the_vestibule_1, steel_vault_5, golden_pit, hallway_of_sentries,
          crystal_vault_4, iron_vault_1, final_vault]

Skill      XL: |  1  2  3  4  5  6  7  8  9 10 |
---------------+-------------------------------+-----
Long Blades    | 3 4 5 7 9 11 12 | 12.6
Shields        | 4 5 6 8 10 12 13 | 13.9
Dodging        | 2 5 6 |  6.2
Invocations    | 2 5 |  5.7
Spellcasting   | 1 3 4 |  4.2
Armour         | 4 6 |  6.7
Fighting       | 5 6 |  6.5

Action                   |  1- 3 |  4- 6 |  7- 9 | 10-12 || total
-------------------------+-------+-------+-------+-------++-------
Melee: Long sword        |    33 |    27 |    66 |       ||   126
       Scimitar          |       |       |    21 |    35 ||    56
Invok: Heroism           |       |     1 |     5 |       ||     6
       Finesse           |       |       |       |     1 ||     1
  Use: Potion            |     1 |       |     4 |     2 ||     7
       Scroll            |       |       |     1 |       ||     1
Armor: Scale mail        |    18 |     1 |       |       ||    19
       Chain mail        |       |     6 |    25 |       ||    31
       Ring mail         |       |       |     1 |     9 ||    10
Dodge: Dodged            |    20 |     4 |    19 |    15 ||    58
Block: Buckler           |    12 |     6 |    27 |     9 ||    54

Table legend: (Time is in decaauts)
 A = Elapsed time spent in this place.
 B = Non-inter-level travel time spent in this place.
 C = Inter-level travel time spent in this place.
 D = Time resting spent in this place.
 E = Time spent auto-exploring this place.
 F = Levels seen in this place.
 G = Mean time per level.
                   A        B        C        D        E       F      G
               +--------+--------+--------+--------+--------+-----+--------+
         Total |   2553 |   2537 |     16 |   1780 |      0 |   1 | 2553.0 |
       Dungeon |   2553 |   2537 |     16 |   1780 |      0 |   1 | 2553.0 |
               +--------+--------+--------+--------+--------+-----+--------+

Top non-repeatable levels by time:
       D: 2553 daAuts
